 Dungeon Crawl Stone Soup version 0.30-a0-956-gcec3b41aec (webtiles) character file.

Game seed: 9896804296639818495

180 EonDragon20 the Insei (level 5, -4/38 HPs)
             Began as a Merfolk Transmuter on Mar 29, 2023.
             Blown up by Pikel (19 damage)
             ... with a mindburst bolt
             ... on level 5 of the Dungeon.
             The game lasted 00:21:06 (2829 turns).

EonDragon20 the Insei (Merfolk Transmuter)          Turns: 2829, Time: 00:21:07

Health: -4/38      AC:  3    Str: 12    XL:     5   Next: 60%
Magic:  8/8        EV: 12    Int: 12    God:
Gold:   211        SH:  0    Dex: 15    Spells: 3/9 levels left

rFire   . . .      SeeInvis .      - Unarmed
rCold   . . .      Faith    .    (no shield)
rNeg    . . .      Spirit   .    a - +0 robe
rPois   .          Reflect  .    (no helmet)
rElec   .          Rampage  .    (no cloak)
rCorr   .                        (no gloves)
Will    .....                    j - +0 pair of boots
Stlth   +                        (no amulet)
HPRegen 0.26/turn                (no ring)
MPRegen 0.11/turn                (no ring)

@: no status effects
A: (nimble swimmer 2), mertail
a: no special abilities


You were on level 5 of the Dungeon.
You visited 1 branch of the dungeon, and saw 5 of its levels.

You collected 211 gold pieces.

Inventory:

Hand Weapons
 k - the +6 rapier of Taeteade {flame, Fly Stlth+}
   (You acquired it on level 5 of the Dungeon)

   Fly:       It grants you flight.
   Stlth:     It makes you more stealthy.
Armour
 a - a +0 robe (worn)
 j - a +0 pair of boots (worn)
Potions
 b - a potion of lignification
 c - 3 potions of curing
 d - a potion of magic {unknown}
 e - 2 potions of attraction {unknown}
 f - a potion of brilliance {unknown}
 g - 2 potions of haste {unknown}
 h - a potion of degeneration {unknown}
 i - a potion of cancellation {unknown}


   Skills:
 + Level 2.1 Fighting
 - Level 2.6 Dodging
 * Level 4.6 Unarmed Combat
 + Level 2.6 Spellcasting
 * Level 4.4 Transmutations
 * Level 2.1 Poison Magic


You had 3 spell levels left.
You knew the following spells:

 Your Spells              Type           Power      Damage    Failure   Level
a - Beastly Appendage     Tmut           24%        N/A       4%          1
b - Wereblood             Tmut           12%        N/A       6%          2
c - Spider Form           Tmut/Pois      9%         N/A       21%         3

Your spell library contained the following spells:

 Spells                   Type           Power      Damage    Failure   Level
 Apportation              Tloc           2%         N/A       26%         1
 Ignite Poison            Fire/Tmut/Pois 6%         N/A       32%         3
 Ensorcelled Hibernation  Hex/Ice        2%         N/A       36%         2
 Kindle Blastsparks       Fire/Tloc/Air  2%         2d10      61%         3
 Ice Form                 Ice/Tmut       6%         N/A       71%         4
 Alistair's Intoxication  Tmut/Pois      6%         N/A       88%         5
 Anguish                  Hex/Necr       0%         N/A       95%         4
 Freezing Cloud           Conj/Ice/Air   0%         6-21      100%        5


Dungeon Overview and Level Annotations

Branches:
Dungeon (6/15)
 Temple: D:4-7

Altars:
Ru

Shops:
D:1 ::*   D:2 *

Annotations:
D:5 1 runed translucent door, GigaChad's ghost, amateur FoFi; Pikel; Prince Ribbit; Sigmund


Innate Abilities, Weirdness & Mutations

((You are very nimble when in or above water. (Stealth+, EV+, Speed+++)))
Your lower body shifts to a powerful aquatic tail in water.


Message History

The hound bites you.
You barely miss the hound.
The hound is severely wounded.
The hound pauses to sniff the ground.
The hound bites you.
You kill the hound!
Your Poison Magic skill increases to level 2!
You start resting.
Your transformation is almost over.
Pikel, Merchant of Souls comes into view.
He is wielding a +1 whip of electrocution and carrying a wand of mindburst (5).
Casting: Spider Form (quite dangerous; 41% risk of failure)
Confirm with . or Enter, or press ? or * to list all spells.
The spell is quite dangerous to miscast (41% risk of failure)!
Continue anyway?
Okay, then.
You hit Pikel.
Pikel is poisoned.
Pikel is lightly wounded.
A lemure comes into view.
Pikel hits you with a +1 whip of electrocution.
The lemure shouts!
You see here 12 gold pieces.
A lemure comes into view.
Pikel zaps a wand.
Your mind is blasted!
Your transformation has ended.
Your +0 pair of boots unmelds from your body.
Your +0 robe unmelds from your body.
A lemure comes into view.
Pikel zaps a wand.
Your mind is blasted!
Pikel zaps a wand.
You barely resist.
The lemure shouts!
Pikel says, "You'll make a fine lemure."
Sigmund the Dreaded comes into view.
He is wielding a +0 scythe.
This is a scroll of acquirement!
Something appears at your feet!
Sigmund shouts!
k - the +6 rapier of Taeteade {flame, Fly Stlth+} Sigmund gestures at you while chanting.
The magic dart hits you.
Pikel zaps a wand.
Your mind is blasted!
Ouch! That really hurt!
You die...

....#.## ##.#.†.......
.......# ##............
# ..@.... #..$.55....###
.##....## ##.5.......#W.
........###..........+c?
#......#..K........#..
#.#..###.......##.###
#...K.#5.####### ##
###.@55..# #......#
#......# #......#
#......# ########


You could see Pikel (poisoned), 3 lemures and Sigmund.

Vanquished Creatures
  A hound (D:5)
  An orc wizard (D:6)
  3 gnolls (D:1)
  An adder (D:1)
  2 worms (D:2)
  4 orcs
  7 ball pythons
  9 bats
  4 endoplasms
  2 giant cockroaches
  8 goblins
  9 hobgoblins
  A jackal (D:5)
  5 kobolds
  5 quokkas
  6 frilled lizards
  5 rats
73 creatures vanquished.

Notes
Turn   | Place    | Note
-------+----------+-------------------------------------------
     0 | D:1      | EonDragon20 the Merfolk Transmuter began the quest for the
                  | Orb.
     0 | D:1      | Reached XP level 1. HP: 15/15 MP: 3/3
   154 | D:1      | Reached XP level 2. HP: 17/21 MP: 5/5
   163 | D:1      | Learned a level 2 spell: Wereblood
   229 | D:1      | Found Kojor's Book Emporium.
   260 | D:1      | Found Weicwuill's General Store.
   475 | D:1      | Found Fedghe Pegoce's Book Shoppe.
   763 | D:1      | Reached XP level 3. HP: 22/26 MP: 4/6
   819 | D:1      | Found a faded altar of an unknown god.
  1030 | D:1      | Learned a level 3 spell: Spider Form
  1409 | D:2      | Found Zotunt's General Store.
  1439 | D:2      | Found a sacrificial altar of Ru.
  1507 | D:1      | Reached XP level 4. HP: 8/33 MP: 5/7
  1664 | D:1      | Reached skill level 1 in Poison Magic
  2466 | D:3      | Reached XP level 5. HP: 28/38 MP: 6/8
  2505 | D:3      | You fall into a shaft and drop 3 floors!
  2628 | D:6      | Noticed a centaur
  2669 | D:5      | Entered Level 5 of the Dungeon
  2762 | D:5      | Noticed Prince Ribbit
  2795 | D:5      | Noticed a centaur
  2795 | D:5      | Noticed GigaChad's ghost (amateur FoFi)
  2795 | D:5      | Found a runed translucent door.
  2813 | D:5      | Noticed Pikel
  2816 | D:5      | Noticed a lemure
  2818 | D:5      | Noticed a lemure
  2819 | D:5      | Noticed a lemure
  2825 | D:5      | Noticed Sigmund
  2826 | D:5      | Identified a scroll of acquirement
  2826 | D:5      | Acquired the +6 rapier of Taeteade {flame, Fly Stlth+}
  2829 | D:5      | Blown up by Pikel

Illustrated notes

Levels and vault maps discovered:
D:1:      dpeg_arrival_morbid_curiosity, layout_basic, serial_shops,
          nicolae_square_shop, nicolae_shop_crystal, shop, shop_statue,
          basic_ecumenical_altar, minmay_misc_feat_nine_boxes
D:2:      layout_loops_cross, serial_shops, shop_coins, basic_altar
D:3:      layout_loops_cross, minmay_ogre_servants
D:5:      gammafunk_cloud_chamber, layout_rooms, ebering_ghost_inner_flame,
          nicolae_figureground_sparkle, uniq_pikel, uniq_sigmund,
          uniq_prince_ribbit1, uniq_blork_the_orc
D:6:      layout_cave_pools, uniq_eustachio

Skill      XL: |  1  2  3  4  5 |
---------------+----------------+-----
Transmutations | 3 4 |  4.4
Unarmed Combat | 4 |  4.6
Poison Magic   | 1 2 |  2.1
Fighting       | 2 |  2.1
Dodging        | |  2.6
Spellcasting   | |  2.6

Action                     |  1- 3 |  4- 6 || total
---------------------------+-------+-------++-------
  Melee: Unarmed           |   129 |    99 ||   228
         Headbutt          |    19 |    10 ||    29
         Punch             |     2 |       ||     2
   Cast: Beastly Appendage |    16 |    12 ||    28
         Spider Form       |       |     5 ||     5
    Use: Scroll            |     4 |     2 ||     6
         Potion            |       |     1 ||     1
 Armour: Robe              |    28 |    11 ||    39
         Skin              |       |     3 ||     3
  Dodge: Dodged            |    97 |    69 ||   166

Table legend: (Time is in decaauts)
 A = Elapsed time spent in this place.
 B = Non-inter-level travel time spent in this place.
 C = Inter-level travel time spent in this place.
 D = Time resting spent in this place.
 E = Time spent auto-exploring this place.
 F = Levels seen in this place.
 G = Mean time per level.
                   A        B        C        D        E       F      G
               +--------+--------+--------+--------+--------+-----+--------+
         Total |   2816 |   2658 |    158 |    522 |      0 |   5 |  563.2 |
       Dungeon |   2816 |   2658 |    158 |    522 |      0 |   5 |  563.2 |
               +--------+--------+--------+--------+--------+-----+--------+

Top non-repeatable levels by time:
     D:1: 1354 daAuts
     D:2: 741 daAuts
     D:3: 399 daAuts
     D:6: 169 daAuts
     D:5: 150 daAuts
